 Dungeon Crawl Stone Soup version 0.21-a0-278-ga722497 (webtiles) character file.

1336 Arkorax the Poker (level 8, -3/65 HPs)
             Began as a Formicid Fighter on Sept 22, 2017.
             Was a Believer of Yredelemnul.
             Slain by a worm (7 damage)
             ... on level 6 of the Dungeon on Sept 23, 2017.
             The game lasted 00:07:36 (6118 turns).

Arkorax the Poker (Formicid Fighter)                Turns: 6118, Time: 00:07:37

Health: -3/65      AC:  9    Str: 23    XL:     8   Next: 92%
Magic:  8/8        EV:  7    Int:  8    God:    Yredelemnul [**....]
Gold:   375        SH: 10    Dex: 10    Spells: 7/7 levels left

rFire    . . .     SeeInvis +   v - +0 halberd
rCold    . . .     Gourm    .   c - +0 shield
rNeg     . . .     Faith    .   w - +0 chain mail
rPois    .         Spirit   .   (helmet unavailable)
rElec    .         Reflect  .   (no cloak)
rCorr    .         Harm     .   (no gloves)
MR       .....                  (no boots)
Stlth    ..........             (no amulet)
HPRegen  0.20/turn              (no ring)
MPRegen  0.11/turn              (no ring)

@: no status effects
A: permanent stasis, dig shafts and tunnels, four strong arms, antennae 3
a: Dig, Shaft Self, Animate Remains, Recall Undead Slaves, Injury Mirror,
Renounce Religion


You were on level 6 of the Dungeon.
You worshipped Yredelemnul.
Yredelemnul was pleased with you.
You were not hungry.

You visited 1 branch of the dungeon, and saw 7 of its levels.

You collected 375 gold pieces.

Inventory:

Hand Weapons
 a - a +0 trident
 v - a +0 halberd (weapon)
Missiles
 h - 2 throwing nets (quivered)
Armour
 b - a +0 scale mail
 c - a +0 shield (worn)
 w - a +0 chain mail (worn)
Wands
 y - a wand of confusion (22/48)
 C - a wand of random effects (33/48)
Scrolls
 i - a scroll of immolation {unknown}
 j - 2 scrolls of fog {unknown}
 l - 4 scrolls of teleportation {unknown}
 n - a scroll of random uselessness {unknown}
 p - 13 scrolls of identify {unknown}
 q - 3 scrolls of enchant armour {unknown}
 s - a scroll of enchant weapon {unknown}
 t - a scroll of amnesia {unknown}
 u - 3 scrolls of remove curse {unknown}
Potions
 d - a potion of might
 e - a potion of agility {unknown}
 k - a potion of heal wounds
 o - a potion of lignification
 r - a potion of ambrosia
 x - a potion of haste {unknown}
 z - a potion of berserk rage
 A - a potion of brilliance {unknown}
Books
 B - a book of Changes

   Spells                             Type                      Level
   a - Beastly Appendage              Transmutation                1
   b - Sticks to Snakes               Transmutation                2
   c - Spider Form                    Transmutation/Poison         3
   d - Ice Form                       Ice/Transmutation            4
   e - Blade Hands                    Transmutation                5
Comestibles
 f - 2 bread rations
 g - 2 meat rations
 m - 7 fruits
 D - 9 chunks of flesh


   Skills:
 + Level 6.6 Fighting
 * Level 7.5 Polearms
 - Level 3.2 Armour
 + Level 6.9 Shields


You had 7 spell levels left.
You didn't know any spells.

Dungeon Overview and Level Annotations

Branches:
Dungeon (7/15)
 Temple: D:4-7

Altars:
Ashenzari
Dithmenos
Elyvilon
Fedhas
Hepliaklqana
Nemelex Xobeh
Sif Muna
Trog
Uskayaw
Yredelemnul
The Shining One

Shops:
D:6 [


Innate Abilities, Weirdness & Mutations

You cannot be hasted, slowed, berserked, paralysed or teleported.
You can dig through walls and to a lower floor.
Your four strong arms can wield two-handed weapons with a shield.
You have a pair of large antennae on your head. (SInv)


Message History

You kill Sigmund!
Yredelemnul accepts your kill.
You hit the worm but do no damage. The worm bites you.
* * * LOW HITPOINT WARNING * * *
You hit the worm.
The worm is moderately wounded.
Your shield and chain mail prevent you from hitting the worm.
The worm is moderately wounded.
You block the worm's attack.
You puncture the worm!
The worm is heavily wounded.
The worm bites you!
* * * LOW HITPOINT WARNING * * *
You hit the worm.
The worm is severely wounded.
You barely miss the worm.
The worm is severely wounded.
The worm bites you!
You die...
Your body rises from the dead as a mindless zombie.

... ...### {#..
...... #
#.#####.....
#.#...........
#.#........∩..
.....# ......
#######.#.###.....
#@#.......w..>....
##w##.#.#.###.##..
####.#.#.......
#.#...........
#.#.###....#..
..#.. ........
#.#.....#..###
#......###.#


You could see a worm.

Vanquished Creatures
  A hippogriff (D:7)
  Sigmund (D:6)
  3 phantoms
  2 bullfrogs
  4 killer bees (D:7)
  2 hounds
  An orc wizard (D:4)
  2 iguanas
  Natasha (D:3)
  A worker ant (D:4)
  9 adders
  3 gnolls (D:3)
  2 shadow imps
  3 oozes
  2 adder skeletons
  2 dart slugs (D:1)
  5 leopard geckos
  12 orcs
  13 bats
  5 giant cockroaches
  6 hobgoblins
  A jackal (D:1)
  9 kobolds
  6 quokkas
  6 ball pythons
  5 frilled lizards
  8 goblins
  12 rats
127 creatures vanquished.

Vanquished Creatures (others)
  A quokka (D:3)
1 creature vanquished.

Grand Total: 128 creatures vanquished

Notes
Turn   | Place    | Note
-------+----------+-------------------------------------------
     0 | D:1      | Arkorax the Formicid Fighter began the quest for the Orb.
     0 | D:1      | Reached XP level 1. HP: 18/18 MP: 1/1
     9 | D:1      | Reached XP level 2. HP: 24/24 MP: 2/2
   208 | D:1      | Reached XP level 3. HP: 23/29 MP: 3/3
   411 | D:1      | Reached skill level 3 in Polearms
  1116 | D:2      | Reached XP level 4. HP: 36/37 MP: 4/4
  1155 | D:2      | Found a shadowy altar of Dithmenos.
  1632 | D:2      | Found a hazy altar of Hepliaklqana.
  1796 | D:2      | Found a hide-covered altar of Uskayaw.
  1881 | D:3      | Noticed Natasha
  1893 | D:3      | Killed Natasha
  1893 | D:3      | Reached XP level 5. HP: 36/42 MP: 5/5
  2189 | D:3      | Found a white marble altar of Elyvilon.
  2730 | D:3      | Reached skill level 4 in Polearms
  2779 | D:3      | Found a faded altar of an unknown god.
  2907 | D:3      | Became a worshipper of Yredelemnul the Dark
  2907 | D:3      | Reached * piety under Yredelemnul
  2970 | D:4      | Reached XP level 6. HP: 49/49 MP: 6/6
  3171 | D:4      | Noticed a phantom
  3203 | D:4      | Killed a phantom
  3239 | D:4      | Found a sparkling altar of Nemelex Xobeh.
  3503 | D:4      | Noticed a phantom
  3566 | D:4      | Killed a phantom
  3566 | D:4      | Reached skill level 5 in Fighting
  3566 | D:4      | Reached skill level 5 in Polearms
  3566 | D:4      | Reached skill level 5 in Shields
  3566 | D:4      | Reached XP level 7. HP: 40/56 MP: 7/7
  4432 | D:5      | Entered Level 5 of the Dungeon
  4669 | D:5      | Found a shattered altar of Ashenzari.
  4675 | D:5      | Reached ** piety under Yredelemnul
  4854 | D:5      | Found a bloodstained altar of Trog.
  4854 | D:5      | Found a deep blue altar of Sif Muna.
  4856 | D:5      | Found a glowing golden altar of the Shining One.
  5473 | D:5      | You fall through a shaft for 2 floors!
  5690 | D:7      | Reached skill level 6 in Polearms
  5698 | D:7      | Reached XP level 8. HP: 42/64 MP: 8/8
  5949 | D:7      | Found a blossoming altar of Fedhas.
  5991 | D:7      | Noticed a hippogriff
  6000 | D:7      | Killed a hippogriff
  6028 | D:7      | Reached skill level 7 in Polearms
  6079 | D:6      | Found Ytuwn's Armour Shoppe.
  6085 | D:6      | Noticed Sigmund
  6112 | D:6      | Killed Sigmund
  6118 | D:6      | Slain by a worm

Vault maps used:
D:1:      dpeg_arrival_tiny_h, minmay_nonomino_d4
D:2:      lemuel_doored_altar, grunt_dithmenos_smoke, lemuel_round_altar,
          first_bread
D:3:      chequers_ecumenical_altar_grove, elyvilon_altar_4, uniq_natasha
D:4:      kennysheep_mini_moat, roderic_lattice_a, minmay_snake_closets
D:5:      grunt_temple_overflow_open, nicolae_ashenzari_panopticon
D:6:      zin_purify, serial_shops, shop, lemuel_oklob_altar, uniq_sigmund
D:7:      lemuel_coloured_pillars_altar, fedhas_altar_1,
          minmay_temple_entry_statues_fountains, the_bakery

Skill      XL: |  1  2  3  4  5  6  7  8 |
---------------+-------------------------+-----
Polearms       | 3 4 5 6 7 |  7.5
Shields        | 4 5 6 |  6.9
Fighting       | 4 5 6 |  6.6
Armour         | |  3.2

Action                   |  1- 3 |  4- 6 |  7- 9 || total
-------------------------+-------+-------+-------++-------
Melee: Trident           |   137 |   155 |       ||   292
       Halberd           |       |   126 |   294 ||   420
 Abil: Dig               |       |     2 |     2 ||     4
       Shaft Self        |       |       |     1 ||     1
  Use: Potion            |       |       |     5 ||     5
  Eat: Chunk             |     1 |     7 |     2 ||    10
       Fruit             |       |       |     5 ||     5
       Bread ration      |       |       |     1 ||     1
Armor: Scale mail        |    56 |    63 |       ||   119
       Chain mail        |       |    33 |   121 ||   154
       Skin              |       |       |    29 ||    29
Dodge: Dodged            |    47 |    89 |    77 ||   213
Block: Shield            |    85 |   132 |   172 ||   389

Table legend:
 A = Spawn XP
 B = Non-spawn XP
 C = Spawn XP percentage of total XP
 D = Spawn monster count
 E = Non-spawn monster count
 F = Spawn count percentage of total count
 G = Total turns spent on level
                    A         B        C        D         E        F      G
               +---------+---------+-------+---------+---------+-------+---------
         Total |       0 |    1909 |   0.0 |       0 |     127 |   0.0 |  6118
               +---------+---------+-------+---------+---------+-------+---------
           D:1 |       0 |      64 |   0.0 |       0 |      32 |   0.0 |  1050
           D:2 |       0 |      46 |   0.0 |       0 |      16 |   0.0 |  1060
           D:3 |       0 |     125 |   0.0 |       0 |      30 |   0.0 |   855
           D:4 |       0 |     464 |   0.0 |       0 |      28 |   0.0 |  1664
           D:5 |       0 |     182 |   0.0 |       0 |       8 |   0.0 |   819
           D:6 |       0 |     351 |   0.0 |       0 |       4 |   0.0 |    64
           D:7 |       0 |     677 |   0.0 |       0 |       9 |   0.0 |   606
               +---------+---------+-------+---------+---------+-------+---------
